Workbook
Name amortissements: [1]listes!$A$14:$A$16
Name BDFs: [1]listes!$G$8:$G$21
Name bou: [2]listes!#REF!
Name bous: [1]listes!#REF!
Name C.A: #REF!
Name C.T: [1]listes!$A$55:$A$67
Name cautionperso1: [2]financt1!#REF!
Name cautionperso2: [2]financt1!#REF!
Name cautionperso4: [2]financt1!#REF!
Name codemarche: '[1]segment marché'!$A$2:$A$13
Name codemarches: #REF!
Name confirmations: [1]listes!$E$20
Name Demandes: [1]listes!$A$1:$A$6
Name Directeur.: [1]listes!$B$10:$B$12
Name durée6: '[2]Plan de financement'!#REF!
Name durée7: '[2]Plan de financement'!#REF!
Name durée8: '[2]Plan de financement'!#REF!
Name Exploitants: [1]listes!$B$6:$B$8
Name FORMJUR.: [1]listes!$I$1:$I$21
Name Frais.: [1]listes!$G$1:$G$4
Name FraisCT.: [1]listes!$G$1:$G$6
Name FraisMT.: [1]listes!$D$4:$D$5
Name Garanties: [1]listes!$A$22:$A$40
Name index.: [1]listes!$E$1:$E$10
Name Marché.: [1]listes!$B$1:$B$4
Name MLT.: [1]listes!$A$43:$A$53
Name montant6: '[2]Plan de financement'!#REF!
Name montant7: '[2]Plan de financement'!#REF!
Name montant8: '[2]Plan de financement'!#REF!
Name NET.: [1]listes!$J$1:$J$14
Name périodicité.: [1]listes!$A$18:$A$20
Name periodicite6: #REF!
Name periodicite7: #REF!
Name periodicite8: #REF!
Name pointdevente: [1]localisation!$A$1:$A$151
Name pointdevente.: #REF!
Name regimemat.: [1]listes!$A$69:$A$72
Name Scénario.: [1]listes!$B$21:$B$22
Name Spot: [3]Links!$B$3
Name statut.: [1]listes!$D$11:$D$13
Name taux6: #REF!
Name taux7: #REF!
Name taux8: #REF!
Name tauxprop6: #REF!
Name tauxprop7: #REF!
Name tauxprop8: #REF!
Name totalaxa6: #REF!
Name totalaxa7: #REF!
Name totalaxa8: #REF!
Name TVA.: [1]listes!$D$1:$D$2
Name typamor: [4]PARAM!$B$1:$B$2
Name typamor: PARAM!$B$1:$B$2
Name typamort: PARAM!$B$1:$B$2
Name typecrédit: PARAM!$E$5:$E$15
Name vide.: [1]listes!$E$1:$E$5

Sheet Demande dérogatoire
C1: Demande de dérogation sur crédit professionnel, à transmettre en pièce jointe mail à CEGEE-B-RM-PROFESSIONNELS
C2: Date
C3: Nom du Demandeur
C4: Groupe
C5: Nom du Client
C6: N° de compte
C7: NET
C8: Activité
C9: Objet
C10: Double relation (privée / Pro)
C11: Type de crédit | D11: Liste
C12: Montant du crédit en €
A13: =CONCATENATE(D13,"_",A14) -> _A | C13: Durée en année
A14: =IF(D27="AMORTISSABLE","A",IF(D27="IN FINE","I",0)) -> A | C14: Marge monétique annuelle en €
C15: CA annuel confié en €
C16: Frais tenue cpte, forfait trim. en €
C17: Com de mvt en %
C18: Solde moyen en €
C19: Epargne privée et professionnelle en €
C20: Frais de dossier en €
C21: Assurance Emprunteurs mensuelle
C22: SACCEF
C23: Taux barème
C24: Taux dérogatoire
C25: Nom du Concurrent
C26: TOTAL PNB (hors CREDITS EN STOCK) | D26: =(D14+(D16*4)+(D15*D17)+(D18*PARAM!$C$3)+(D19*PARAM!$C$4)) -> 0
C27: Type amortissement | D27: AMORTISSABLE
C28: DVMA | D28: =IF(ISNA(MATCH($A$13,PARAM!$B$8:$B$57,0)),0,INDEX(PARAM!$C$8:$C$57,MATCH($A$13,PARAM!$B$8:$B$57,0),1)) -> 0
C29: PNB sur accessoires nouveau crédit | D29: =IF(OR(D13=0,D28=0),0,(D22*PARAM!C5/D13+D20/D28+D21*12*PARAM!$C$6)) -> 0
C30: ABANDON PNB sur taux barème | D30: =IF(OR(D13=0,D28=0),0,(D28*(D24-D23)*D12)/D13) -> 0
C32: PNB TOTAL ATTENDU | D32: =D29+D26+D30 -> 0
C34: Contreparties négociées
C35: Contreparties négociables

Sheet TCI
A1: BAREME TCI DIRECTEUR DE MARCHE
A2: MARCHE DES PROFESSIONNELS - JANVIER 2010
A4: LES TCI CNCE | I4: TCI CEA DM
B6: PRÊT LEP / PBE | E6: PCM / POP | I6: PRÊT LEP /PBE
B7: TAUX FIXE | C7: indexé LEP / LDD | D7: Euribor 3M | E7: TAUX FIXE | F7: EURIBOR 3M capé +2% | G7: EURIBOR3M capé +1% | I7: Euribor 3M | J7: EURIBOR 3M capé +2% | K7: EURIBOR3M capé +1%
A8: =< 3 ans | B8: 0.019919874 | C8: 0.0205 | D8: 0.0121 | E8: 0.02267 | F8: 0.0138537 | G8: 0.0157826 | I8: 0.0135 | J8: =I8+D21 -> 0.0150537 | K8: =I8+C21 -> 0.0169826
A9: de 3 à 5 ans inclus | B9: 0.025739104 | C9: 0.0205 | D9: 0.0121 | E9: 0.02661 | F9: 0.0159796 | G9: 0.0193027 | I9: =I8+(I$14-I$8)/6 -> 0.014166667 | J9: =I9+D22 -> 0.017746267 | K9: =I9+C22 -> 0.021069367
A10: de 5 à 7 ans inclus | B10: 0.029732015 | C10: 0.0205 | D10: 0.0121 | E10: 0.03115 | F10: 0.0195065 | G10: 0.0238309 | I10: =I9+(I$14-I$8)/6 -> 0.014833333 | J10: =I10+D23 -> 0.020349833 | K10: =I10+C23 -> 0.024674233
A11: de 7 à 10 ans inclus | B11: 0.033998914 | C11: 0.0205 | D11: 0.0121 | E11: 0.0381 | F11: 0.0242605 | G11: 0.0295735 | I11: =I10+(I$14-I$8)/6 -> 0.0155 | J11: =I11+D24 -> 0.0234905 | K11: =I11+C24 -> 0.0288035
A12: de 10 à 12 ans inclus | B12: 0.036125251 | C12: 0.0205 | D12: 0.0121 | E12: 0.0431667 | F12: 0.0272824 | G12: 0.0330365 | I12: =I11+(I$14-I$8)/6 -> 0.016166667 | J12: =I12+D25 -> 0.025512367 | K12: =I12+C25 -> 0.031266467
A13: de 12 à 15 ans inclus | B13: 0.038578406 | C13: 0.0205 | D13: 0.0121 | E13: 0.0454233 | F13: 0.0299508 | G13: 0.0361737 | I13: =I12+(I$14-I$8)/6 -> 0.016833333 | J13: =I13+D26 -> 0.027870833 | K13: =I13+C26 -> 0.034093733
A14: de 15 à 20 ans inclus | B14: 0.04151256 | C14: 0.0205 | D14: 0.0121 | E14: 0.04939 | F14: 0.0328429 | G14: 0.0395268 | I14: 0.0175 | J14: =I14+D27 -> 0.0304529 | K14: =I14+C27 -> 0.0371368
A15: Base amortissement mensuel progressif
A16: euribor 3M | B16: 0.0071
A19: Pour information | B19: spread (PCM) | C19: cout cap
A20: composante TCI | C20: 0.01 | D20: 0.02
A21: =A8 -> =< 3 ans | B21: 0.0052 | C21: 0.0034826 | D21: 0.0015537
A22: =A9 -> de 3 à 5 ans inclus | B22: 0.0053 | C22: 0.0069027 | D22: 0.0035796
A23: =A10 -> de 5 à 7 ans inclus | B23: 0.00689 | C23: 0.0098409 | D23: 0.0055165
A24: =A11 -> de 7 à 10 ans inclus | B24: 0.00917 | C24: 0.0133035 | D24: 0.0079905
A25: =A12 -> de 10 à 12 ans inclus | B25: 0.0108367 | C25: 0.0150998 | D25: 0.0093457
A26: =A13 -> de 12 à 15 ans inclus | B26: 0.0118133 | C26: 0.0172604 | D26: 0.0110375
A27: =A14 -> de 15 à 20 ans inclus | B27: 0.01279 | C27: 0.0196368 | D27: 0.0129529
A28: base amortissement mensuel progressif

Sheet Monetique
A2: Date
A3: Nom du Demandeur
A4: Groupe
A5: Nom du Client
A6: Activité
A7: Type d'equipement
A8: Marge monétique annuelle en €
A9: Panier moyen
A10: Flux mensuel
A11: CA annuel en €
A12: Frais tenue de cte trim. en €
A13: Com de mvt en %
... A16: PNB CREDIT
A17: Total PNB | B17: =(B8+(B12*4)+(B11*B13)+(B14*0.025)+(B15*0.002)) -> 0 | C17: =(C8+(C12*4)+(C11*C13)+(C14*0.025)+(C15*0.002)) -> 0 | D17: =(D8+(D12*4)+(D11*D13)+(D14*0.025)+(D15*0.002)) -> 0 | E17: =(E8+(E12*4)+(E11*E13)+(E14*0.025)+(E15*0.002)) -> 0 | F17: =(F8+(F12*4)+(F11*F13)+(F14*0.025)+(F15*0.002)) -> 0 | G17: =(G8+(G12*4)+(G11*G13)+(G14*0.025)+(G15*0.002)) -> 0 | H17: =(H8+(H12*4)+(H11*H13)+(H14*0.025)+(H15*0.002)) -> 0 | I17: =(I8+(I12*4)+(I11*I13)+(I14*0.025)+(I15*0.002)) -> 0 | ... DV17: =(DV8+(DV12*4)+(DV11*DV13)+(DV14*0.025)+(DV15*0.002)) -> 0
A18: Frais de dossier en €
A19: Nom du Concurrent
A20: Taux dérogatoire
A21: Délégataire
A22: N° de dérogation (mois + n° ordre)
A23: PNB total attendu : | B23: =B17+(B18/4) -> 0 | C23: =C17+(C18/4) -> 0 | D23: =D17+(D18/4) -> 0 | E23: =E17+(E18/4) -> 0 | F23: =F17+(F18/4) -> 0 | G23: =G17+(G18/4) -> 0 | H23: =H17+(H18/4) -> 0 | I23: =I17+(I18/4) -> 0 | ... AC23: =AC17+(AC18/4) -> 0 | AD23: =#REF!+AD17 -> #REF! | AE23: =#REF!+AE17 -> #REF! | AF23: =#REF!+AF17 -> #REF! | AG23: =#REF!+AG17 -> #REF! | AH23: =#REF!+AH17 -> #REF! | AI23: =#REF!+AI17 -> #REF! | AJ23: =#REF!+AJ17 -> #REF! | AK23: =#REF!+AK17 -> #REF! | ... DV23: =#REF!+DV17 -> #REF!
A24: Observations

Sheet Complément monétique
A2: Date | B2: ='Demande dérogatoire'!D2 -> 0
A3: Nom du Demandeur | B3: =IF('Demande dérogatoire'!D3="","",'Demande dérogatoire'!D3)
A4: Groupe | B4: =IF('Demande dérogatoire'!D4="","",'Demande dérogatoire'!D4)
A5: Nom du Client | B5: =IF('Demande dérogatoire'!D6="","",'Demande dérogatoire'!D6)
A6: Activité | B6: =IF('Demande dérogatoire'!D9="","",'Demande dérogatoire'!D9)
A7: Type d'equipement
A8: Marge monétique annuelle au taux standard en €
A9: Marge monétique annuelle au taux dérogatoire en € | B9: ='Demande dérogatoire'!D14 -> 0
A10: Taux monétique dérogatoire
A11: Flux monétique annuel
A12: Perte sur marge monétiqueen € | B12: =B8-B9 -> 0

Sheet Chargement Madelin
A1: Date
A2: Nom du Demandeur
A3: Groupe
A4: Nom du Client
A5: Activité
A6: Type de contrat
A7: Montant du versement inital en €
A8: Montant des versement reguliers / an en €
A9: CA annuel en €
A10: Solde moyen en €
A11: Epargne privée et professionnelle en €
A12: Total PNB hors crédit | B12: =(#REF!+(#REF!*4)+(B9*#REF!)+(B10*0.025)+(B11*0.002)+(#REF!/B8)) -> #REF! | C12: =(#REF!+(#REF!*4)+(C9*#REF!)+(C10*0.025)+(C11*0.002)+(#REF!/C8)) -> #REF! | D12: =(#REF!+(#REF!*4)+(D9*#REF!)+(D10*0.025)+(D11*0.002)+(#REF!/D8)) -> #REF! | E12: =(#REF!+(#REF!*4)+(E9*#REF!)+(E10*0.025)+(E11*0.002)+(#REF!/E8)) -> #REF! | F12: =(#REF!+(#REF!*4)+(F9*#REF!)+(F10*0.025)+(F11*0.002)+(#REF!/F8)) -> #REF! | G12: =(#REF!+(#REF!*4)+(G9*#REF!)+(G10*0.025)+(G11*0.002)+(#REF!/G8)) -> #REF! | H12: =(#REF!+(#REF!*4)+(H9*#REF!)+(H10*0.025)+(H11*0.002)+(#REF!/H8)) -> #REF! | I12: =(#REF!+(#REF!*4)+(I9*#REF!)+(I10*0.025)+(I11*0.002)+(#REF!/I8)) -> #REF! | ... DW12: =(#REF!+(#REF!*4)+(DW9*#REF!)+(DW10*0.025)+(DW11*0.002)+(#REF!/DW8)) -> #REF!
A13: Nom du Concurrent
A14: Marge Zéro
A15: Taux dérogatoire
A16: Délégataire
A17: N° de dérogation (MAD+mois + n° ordre)
A18: Différentiel tx dérog - tx marge 0 | B18: =((((ABS(PMT((B15/12),(B8*12),B7)))*(B8*12)))-(((ABS(PMT((B14/12),(B8*12),B7)))*(B8*12))))/B8 -> #NUM! | C18: =((((ABS(PMT((C15/12),(C8*12),C7)))*(C8*12)))-(((ABS(PMT((C14/12),(C8*12),C7)))*(C8*12))))/C8 -> #NUM! | D18: =((((ABS(PMT((D15/12),(D8*12),D7)))*(D8*12)))-(((ABS(PMT((D14/12),(D8*12),D7)))*(D8*12))))/D8 -> #NUM! | E18: =((((ABS(PMT((E15/12),(E8*12),E7)))*(E8*12)))-(((ABS(PMT((E14/12),(E8*12),E7)))*(E8*12))))/E8 -> #NUM! | F18: =((((ABS(PMT((F15/12),(F8*12),F7)))*(F8*12)))-(((ABS(PMT((F14/12),(F8*12),F7)))*(F8*12))))/F8 -> #NUM! | G18: =((((ABS(PMT((G15/12),(G8*12),G7)))*(G8*12)))-(((ABS(PMT((G14/12),(G8*12),G7)))*(G8*12))))/G8 -> #NUM! | H18: =((((ABS(PMT((H15/12),(H8*12),H7)))*(H8*12)))-(((ABS(PMT((H14/12),(H8*12),H7)))*(H8*12))))/H8 -> #NUM! | I18: =((((ABS(PMT((I15/12),(I8*12),I7)))*(I8*12)))-(((ABS(PMT((I14/12),(I8*12),I7)))*(I8*12))))/I8 -> #NUM! | ... DW18: =((((ABS(PMT((DW15/12),(DW8*12),DW7)))*(DW8*12)))-(((ABS(PMT((DW14/12),(DW8*12),DW7)))*(DW8*12))))/DW8 -> #NUM!
A19: PNB total attendu : | B19: =B18+B12 -> #NUM! | C19: =C18+C12 -> #NUM! | D19: =D18+D12 -> #NUM! | E19: =E18+E12 -> #NUM! | F19: =F18+F12 -> #NUM! | G19: =G18+G12 -> #NUM! | H19: =H18+H12 -> #NUM! | I19: =I18+I12 -> #NUM! | ... DW19: =DW18+DW12 -> #NUM!
A20: Observations
B30: standard | C30: 4.3 | D30: Part Natixis | E30: 0.8
C31: classe 1 2 | D31: classe 3 4
B32: ccp | C32: 4 | D32: 3.5
B35: da | C35: 3.5 | D35: 3
B38: dg | C38: 3 | D38: 2.5

Sheet PARAM
A1: TYPE AMORTISSEMENT | B1: AMORTISSABLE
B2: IN FINE
A3: Taux de marge | B3: DAV | C3: =2.5% -> 0.025
B4: Epargne privée | C4: 0.002
B5: SACCEF | C5: 0.0013 | E5: Liste
B6: ADE | C6: 0.5 | E6: PCM fixe
A7: DVMA | B7: Durée | C7: DVMA | E7: PCM EUR cap 1
B8: 1_A | C8: 1 | E8: Rythm'n pro
B9: 2_A | C9: 1 | E9: Crédit express
B10: 3_A | C10: 2 | E10: PCM EUR
B11: 4_A | C11: 2 | E11: PCE
B12: 5_A | C12: 3
B13: 6_A | C13: 3
B14: 7_A | C14: 4
B15: 8_A | C15: 4
B16: 9_A | C16: 5
B17: 10_A | C17: 5
B18: 11_A | C18: 5
B19: 12_A | C19: 6
B20: 13_A | C20: 6
B21: 14_A | C21: 7
B22: 15_A | C22: 7
B23: 16_A | C23: 7
... B57: 25_I | C57: 25
